 Dungeon Crawl Stone Soup version 0.29.1-13-g9f3cf754e1 (webtiles) character file.

Game seed: 14807774540239324567

113 cheesebisquit the Shooter (level 4, -13/38 HPs)
             Began as a Minotaur Hunter on Jan 28, 2023.
             Shot with a bolt by an orc warrior (21 damage)
             ... on level 6 of the Dungeon.
             The game lasted 00:08:03 (2745 turns).

cheesebisquit the Shooter (Minotaur Hunter)         Turns: 2745, Time: 00:08:04

Health: -13/38     AC:  5    Str: 16    XL:     4   Next: 65%
Magic:  3/3        EV: 16    Int:  6    God:
Gold:   212        SH:  0    Dex: 15    Spells: 3/3 levels left

rFire   . . .      SeeInvis .   a - +0 shortbow
rCold   . . .      Faith    .   (shield currently unavailable)
rNeg    . . .      Spirit   .   c - +0 leather armour
rPois   .          Reflect  .   (helmet restricted)
rElec   .          Harm     .   (no cloak)
rCorr   .          Rampage  .   k - +1 pair of gloves
Will    .....                   (no boots)
Stlth   +.........              (no amulet)
HPRegen 0.12/turn               h - +4 ring of evasion
MPRegen 0.08/turn               (no ring)

@: about to teleport
A: horns 2, retaliatory headbutt
a: no special abilities


You were on level 6 of the Dungeon.
You visited 1 branch of the dungeon, and saw 4 of its levels.

You collected 212 gold pieces.

Inventory:

Hand Weapons
 a - a +0 shortbow (weapon)
Armour
 c - a +0 leather armour (worn)
 k - a +1 pair of gloves (worn)
Jewellery
 h - a +4 ring of evasion (left hand)
Scrolls
 b - 2 scrolls of immolation
 d - a scroll of enchant armour
 e - a scroll of identify
 g - 3 scrolls of teleportation
 i - 2 scrolls of enchant weapon {unknown}
 p - a scroll of fog {unknown}
 q - a scroll of summoning {unknown}
 r - a scroll of magic mapping {unknown}
 u - a scroll of vulnerability {unknown}
 w - a scroll of amnesia {unknown}
Potions
 f - a potion of magic {unknown}
 j - a potion of mutation {unknown}
 l - a potion of attraction {unknown}
 m - 2 potions of curing {unknown}
 n - a potion of degeneration {unknown}
 o - a potion of might {unknown}
 s - a potion of berserk rage {unknown}
 t - a potion of haste {unknown}
 v - a potion of brilliance {unknown}


   Skills:
 + Level 3.5 Fighting
 * Level 5.6 Ranged Weapons
 + Level 3.2 Dodging
 - Level 0.8 Stealth


You had 3 spell levels left.
You didn't know any spells.
Your spell library contained the following spells:

 Spells                   Type           Power      Damage    Failure   Level
 Necrotise                Necr           0%         1d4       52%         1
 Scorch                   Fire           0%         2d5       67%         2
 Vampiric Draining        Necr           0%         2d6       88%         3
 Flame Wave               Conj/Fire      0%         2d4       99%         4
 Agony                    Necr           0%         N/A       100%        5
 Summon Cactus Giant      Summ           0%         N/A       100%        6
 Chain Lightning          Conj/Air       0%         N/A       100%        9
 Fire Storm               Conj/Fire      0%         5d1       100%        9
 Shatter                  Erth           0%         3d5*      100%        9


Dungeon Overview and Level Annotations

Branches:
Dungeon (3/15)

Altars:
Trog
Yredelemnul


Innate Abilities, Weirdness & Mutations

You have a pair of horns on your head.
You reflexively headbutt those who attack you in melee.


Message History

You open the door.
An orc and an orc priest come into view.
The orc priest shouts!
The orc shouts!
You hear a shout!
The orc priest invokes the aid of Beogh against you.
Beogh smites you! The wight barely misses you. You furiously retaliate!
You headbutt the wight, but do no damage.
The wight attacks as you move away! The wight misses you.
The wight attacks as you move away! The wight closely misses you.
The wight attacks as you move away! The wight closely misses you.
The wight attacks as you move away! The wight hits you with a +0 flail!
* * * LOW HITPOINT WARNING * * *
Okay, then.
Okay, then.
As you read the scroll labelled XIYK XEIXIA, it crumbles to dust.
It is a scroll of enchant armour.
Your +0 pair of gloves glows green for a moment.
The wight closely misses you.
As you read the scroll labelled SANEIM CEAKI, it crumbles to dust.
It is a scroll of identify.
g - 5 scrolls of teleportation
As you read the scroll of teleportation, it crumbles to dust.
You feel strangely unstable. The orc closely misses you.
Found 7 stones.
Your surroundings suddenly seem different.
An orc warrior and 2 orcs come into view.
Found 14 gold pieces.
The orc warrior shouts!
The orc warrior unwields a +0 glaive.
The orc warrior wields a +0 arbalest.
The orc warrior shoots a bolt.
The bolt misses you.
The orc shouts!
An orc comes into view. It is wielding a +0 hand axe.
As you read the scroll of teleportation, it crumbles to dust.
You feel strangely unstable.
The orc warrior shoots a bolt.
The bolt barely misses you. The orc closely misses you.
You furiously retaliate!
You headbutt the orc. 2 orcs come into view.
The orc shouts! x2
The orc warrior shoots a bolt.
The bolt hits you!!
Ouch! That really hurt!
You die...

z...........######.
###.........# ..
#.........# ...
#####'#####o ######....
.......o #.........
...... ... #.....o...
.......###'##.o.......
#.......#...o....o.####
#########....@.....#
#.....###### #.....+
#.....# #...$.# #.....#
#.....# #.....#


You could see an orc warrior and 5 orcs.

Vanquished Creatures
  4 adders
  2 dart slugs
  7 endoplasms
  5 giant cockroaches
  5 goblins
  7 hobgoblins
  5 quokkas
  8 ball pythons
  6 bats
  4 frilled lizards
  12 kobolds
  4 rats
69 creatures vanquished.

Vanquished Creatures (others)
  2 plants (D:1)
2 creatures vanquished.

Grand Total: 71 creatures vanquished

Notes
Turn   | Place    | Note
-------+----------+-------------------------------------------
     0 | D:1      | cheesebisquit the Minotaur Hunter began the quest for the
                  | Orb.
     0 | D:1      | Reached XP level 1. HP: 18/18 MP: 0/0
   230 | D:1      | Reached XP level 2. HP: 7/25 MP: 1/1
   929 | D:1      | Reached XP level 3. HP: 31/31 MP: 2/2
   963 | D:1      | Reached skill level 5 in Ranged Weapons
  1237 | D:2      | Found a bloodstained altar of Trog.
  1523 | D:2      | Reached XP level 4. HP: 38/38 MP: 3/3
  2673 | D:3      | You fall into a shaft and drop 3 floors!
  2680 | D:6      | Found a basalt altar of Yredelemnul.
  2687 | D:6      | Noticed a scorpion
  2707 | D:6      | Noticed a scorpion
  2741 | D:6      | Noticed an orc warrior
  2745 | D:6      | Shot with a bolt by an orc warrior

Illustrated notes

Levels and vault maps discovered:
D:1:      dpeg_arrival_orchard, layout_basic, serial_forest,
          infiniplex_forest_clump_cross, infiniplex_forest_lined_2,
          infiniplex_forest_straight_1, infiniplex_forest_lined_3,
          infiniplex_forest_clump_small, infiniplex_forest_lined_4_way,
          infiniplex_forest_straight_1, infiniplex_forest_lined_ring
D:2:      wad_crossroads, layout_basic, basic_altar, minmay_split_cup_small
D:3:      layout_basic, makhleb_altar_promises_db, serial_rivers,
          chequers_serial_rivers_micro_b, chequers_serial_rivers_small_3,
          chequers_serial_rivers_small_b, chequers_serial_rivers_small_3,
          chequers_serial_rivers_large_a,
          nicolae_concentric_dashed_squares_mild, minmay_goblin_kobold_house
D:6:      layout_gridville, yredelemnul_altar_generic

Skill      XL: |  1  2  3 |
---------------+----------+-----
Fighting       | 3 |  3.5
Ranged Weapons | 5 |  5.6
Dodging        | 3 |  3.2
Stealth        | |  0.8

Action                   |  1- 3 |  4- 6 || total
-------------------------+-------+-------++-------
 Fire: Shortbow          |   113 |    59 ||   172
  Use: Scroll            |       |     4 ||     4
Armor: Leather armour    |    10 |     5 ||    15
Dodge: Dodged            |    30 |    33 ||    63
